General information
- name: BNet
- type: Ladder team game (AT/RT)
- host: Battle.net
- saver: dignitates
map: GoldRush
- players: 8
- length: 19:36
- speed: Fast
- version: 1.24 W3XP
- replay type: Public
» download(175 KB)
Players
team 1 (winner)

»
dignitates (
blue | 89 APM | 1744 actions | 19:36)
6 Blademaster
3 Wind Walk
2 Critical Strike
1 Bladestorm
» actions
| Assign group hotkey | 24 | |
| Basic commands | 17 | |
| Build / train | 72 | |
| Enter build submenu | 17 | |
| Enter hero's abilities submenu | 6 | |
| Give item / drop item | 3 | |
| Right click | 632 | |
| Select / deselect | 515 | |
| Select group hotkey | 369 | |
| Use ability | 89 | |
1744 total
» units
| Peon | 17 | |
| Grunt | 5 | |
| Troll Batrider | 22 | |
44 total
» upgrades
| Liquid Fire | 1 | |
| Ranged Weapons | 2 | |
| Reinforced Defenses | 1 | |
4 total
» buildings
| Altar of Storms | 1 | |
| Orc Burrow | 6 | |
| Barracks | 1 | |
| Voodoo Lounge | 1 | |
| Great Hall | 2 | |
| Stronghold | 1 | |
| Beastiary | 3 | |
| Fortress | 1 | |
| War Mill | 1 | |
17 total
» build order
00:07 Altar of Storms
00:17 Orc Burrow
00:35 Barracks
01:28 Orc Burrow
02:05 Voodoo Lounge
03:08 Great Hall
03:33 Stronghold
04:28 Orc Burrow
05:56 Beastiary
05:58 Beastiary
06:28 Fortress
06:48 Orc Burrow
06:54 War Mill
08:32 Orc Burrow
08:35 Beastiary
10:58 Orc Burrow
14:30 Great Hall
» items
| Healing Salve | 5 | |
| Lesser Clarity Potion | 3 | |
| Scroll of Town Portal | 2 | |
| Staff of Teleportation | 1 | |
| Boots of Speed | 1 | |
| Potion of Healing | 1 | |
| Orb of Lightning | 1 | |
14 total
Unskilled-Moron (
orange | 76 APM | 1496 actions | 19:35)
4 Archmage
2 Blizzard
2 Brilliance Aura
4 Mountain King
2 Storm Bolt
2 Bash
3 Paladin
2 Holy Light
1 Divine Shield
» actions
| Assign group hotkey | 23 | |
| Basic commands | 12 | |
| Build / train | 104 | |
| ESC pressed | 1 | |
| Enter build submenu | 31 | |
| Enter hero's abilities submenu | 12 | |
| Give item / drop item | 4 | |
| Right click | 564 | |
| Select / deselect | 275 | |
| Select group hotkey | 393 | |
| Use ability | 77 | |
1496 total
» units
| Peasant | 27 | |
| Rifleman | 9 | |
| Mortar Team | 4 | |
40 total
» upgrades
| Gunpowder | 3 | |
| Long Rifles | 1 | |
| Flare | 1 | |
| Armor | 3 | |
| Masonry | 3 | |
| Fragmentation Shards | 1 | |
12 total
» buildings
| Altar of Kings | 1 | |
| Farm | 10 | |
| Blacksmith | 1 | |
| Barracks | 2 | |
| Scout Tower | 7 | |
| Arcane Tower | 4 | |
| Arcane Vault | 1 | |
| Town Hall | 4 | |
| Keep | 1 | |
| Lumber Mill | 1 | |
| Guard Tower | 8 | |
| Castle | 1 | |
| Workshop | 2 | |
| Cannon Tower | 1 | |
44 total
» build order
00:35 Altar of Kings
00:50 Farm
00:52 Farm
01:20 Blacksmith
01:36 Barracks
01:55 Scout Tower
02:08 Farm
02:23 Arcane Tower
02:37 Arcane Vault
03:15 Farm
04:11 Town Hall
04:15 Scout Tower
05:09 Town Hall
05:18 Arcane Tower
05:34 Keep
05:37 Lumber Mill
06:18 Scout Tower
06:44 Arcane Tower
06:46 Scout Tower
07:14 Guard Tower
07:27 Town Hall
07:29 Scout Tower
08:30 Guard Tower
08:37 Farm
08:45 Farm
09:06 Guard Tower
09:16 Guard Tower
09:17 Guard Tower
09:36 Castle
09:53 Workshop
10:36 Arcane Tower
10:47 Workshop
10:50 Barracks
10:54 Guard Tower
11:54 Farm
12:02 Farm
12:06 Farm
13:21 Farm
14:33 Guard Tower
14:35 Guard Tower
15:28 Scout Tower
19:21 Town Hall
19:26 Scout Tower
19:33 Cannon Tower
» items
| Scroll of Regeneration | 4 | |
| Scroll of Town Portal | 4 | |
| Ivory Tower | 9 | |
| Potion of Healing | 4 | |
| Orb of Fire | 1 | |
| Staff of Sanctuary | 1 | |
23 total

»
MSCICIELnaHAJU (
red | 56 APM | 1099 actions | 19:35)
4 Pit Lord
2 Rain of Fire
2 Cleaving Attack
4 Death Knight
2 Death Coil
2 Death Pact
» actions
| Assign group hotkey | 8 | |
| Basic commands | 35 | |
| Build / train | 77 | |
| ESC pressed | 4 | |
| Enter build submenu | 29 | |
| Enter hero's abilities submenu | 8 | |
| Give item / drop item | 1 | |
| Right click | 287 | |
| Select / deselect | 192 | |
| Select group hotkey | 400 | |
| Use ability | 58 | |
1099 total
» units
| Acolyte | 10 | |
| Ghoul | 6 | |
| Crypt Fiend | 9 | |
| Frost Wyrm | 4 | |
29 total
» upgrades
| Creature Attack | 3 | |
| Creature Carapace | 3 | |
| Web | 1 | |
| Freezing Breath | 1 | |
8 total
» buildings
| Graveyard | 1 | |
| Ziggurat | 10 | |
| Altar of Darkness | 1 | |
| Crypt | 1 | |
| Tomb of Relics | 1 | |
| Halls of the Dead | 2 | |
| Necropolis | 2 | |
| Spirit Tower | 4 | |
| Black Citadel | 2 | |
| Nerubian Tower | 2 | |
| Sacrificial Pit | 1 | |
| Boneyard | 3 | |
30 total
» build order
00:33 Graveyard
01:27 Ziggurat
01:32 Altar of Darkness
01:35 Crypt
01:48 Tomb of Relics
02:00 Ziggurat
04:39 Halls of the Dead
05:31 Ziggurat
05:33 Ziggurat
05:38 Ziggurat
06:10 Ziggurat
06:13 Ziggurat
06:32 Ziggurat
06:34 Necropolis
06:43 Spirit Tower
07:08 Spirit Tower
07:08 Spirit Tower
07:40 Ziggurat
07:42 Ziggurat
07:46 Necropolis
08:23 Black Citadel
08:35 Nerubian Tower
08:35 Nerubian Tower
09:16 Sacrificial Pit
09:47 Spirit Tower
11:02 Boneyard
11:03 Boneyard
11:05 Boneyard
» items
| Rod of Necromancy | 1 | |
| Sacrificial Skull | 1 | |
| Healing Salve | 1 | |
| Lesser Clarity Potion | 1 | |
| Potion of Mana | 1 | |
5 total
MegaMetzelWoife (
pink | 76 APM | 1488 actions | 19:35)
6 Priestess of the Moon
2 Scout
3 Trueshot Aura
1 Starfall
» actions
| Assign group hotkey | 96 | |
| Basic commands | 55 | |
| Build / train | 79 | |
| ESC pressed | 1 | |
| Enter build submenu | 18 | |
| Enter hero's abilities submenu | 7 | |
| Remove unit from queue | 6 | |
| Right click | 772 | |
| Select / deselect | 353 | |
| Select group hotkey | 41 | |
| Use ability | 60 | |
1488 total
» units
| Wisp | 22 | |
| Archer | 23 | |
| Hippogryph | 3 | |
| Druid of the Talon | 3 | |
51 total
» upgrades
| Strength of the Moon | 3 | |
| Improved Bows | 1 | |
| Hippogryph Taming | 1 | |
| Moon Armor | 3 | |
| Marksmanship | 1 | |
| Nature's Blessing | 1 | |
| Druid of the Talon Training | 1 | |
11 total
» buildings
| Altar of Elders | 1 | |
| Moon Well | 8 | |
| Ancient of War | 2 | |
| Hunter's Hall | 1 | |
| Tree of Ages | 1 | |
| Ancient of Wind | 2 | |
| Ancient of Wonders | 1 | |
| Tree of Life | 1 | |
| Tree of Eternity | 1 | |
| Ancient Protector | 3 | |
21 total
» build order
00:10 Altar of Elders
00:21 Moon Well
00:45 Ancient of War
01:38 Moon Well
03:22 Moon Well
03:26 Hunter's Hall
03:39 Tree of Ages
06:01 Ancient of Wind
06:05 Ancient of Wind
06:26 Moon Well
08:36 Ancient of Wonders
10:51 Tree of Life
11:23 Tree of Eternity
13:39 Ancient of War
14:22 Ancient Protector
14:25 Ancient Protector
14:35 Ancient Protector
19:03 Moon Well
19:04 Moon Well
19:05 Moon Well
19:06 Moon Well
» items
| Scroll of Town Portal | 1 | |
| Potion of Healing | 1 | |
2 total
team 2 (loser)
Its.Old (
yellow | 94 APM | 1848 actions | 19:35)
3 Death Knight
2 Death Coil
1 Unholy Aura
1 Lich
1 Frost Nova
» actions
| Assign group hotkey | 24 | |
| Basic commands | 62 | |
| Build / train | 61 | |
| Enter build submenu | 30 | |
| Enter hero's abilities submenu | 4 | |
| Give item / drop item | 4 | |
| Remove unit from queue | 2 | |
| Right click | 603 | |
| Select / deselect | 263 | |
| Select group hotkey | 722 | |
| Use ability | 73 | |
1848 total
» units
| Acolyte | 18 | |
| Ghoul | 3 | |
| Crypt Fiend | 9 | |
| Obsidian Statue | 1 | |
| Frost Wyrm | 2 | |
33 total
» upgrades
| Burrow | 1 | |
| Web | 1 | |
| Creature Attack | 1 | |
3 total
» buildings
| Crypt | 1 | |
| Graveyard | 2 | |
| Altar of Darkness | 1 | |
| Ziggurat | 12 | |
| Tomb of Relics | 2 | |
| Nerubian Tower | 2 | |
| Halls of the Dead | 1 | |
| Necropolis | 2 | |
| Black Citadel | 4 | |
| Slaughterhouse | 1 | |
| Sacrificial Pit | 2 | |
| Boneyard | 3 | |
| Spirit Tower | 2 | |
35 total
» build order
00:18 Crypt
00:22 Graveyard
00:23 Graveyard
00:26 Altar of Darkness
00:57 Ziggurat
00:58 Ziggurat
01:25 Tomb of Relics
01:28 Tomb of Relics
02:00 Ziggurat
02:13 Nerubian Tower
03:54 Halls of the Dead
04:32 Ziggurat
05:42 Necropolis
07:26 Ziggurat
09:04 Black Citadel
09:04 Black Citadel
09:04 Black Citadel
10:42 Slaughterhouse
11:00 Ziggurat
11:01 Ziggurat
11:20 Sacrificial Pit
11:22 Sacrificial Pit
12:34 Boneyard
13:18 Boneyard
13:24 Boneyard
13:48 Ziggurat
14:08 Necropolis
14:48 Ziggurat
15:20 Ziggurat
15:22 Ziggurat
15:23 Ziggurat
16:13 Spirit Tower
16:14 Spirit Tower
16:15 Nerubian Tower
» items
| Rod of Necromancy | 1 | |
| Dust of Appearance | 1 | |
| Orb of Corruption | 1 | |
| Potion of Healing | 1 | |
| Scroll of Town Portal | 1 | |
5 total

»
FUR10US[KISC] (
teal | 69 APM | 1235 actions | 17:58)
5 Demon Hunter
3 Mana Burn
2 Evasion
» actions
| Assign group hotkey | 5 | |
| Basic commands | 129 | |
| Build / train | 66 | |
| Enter build submenu | 25 | |
| Enter hero's abilities submenu | 5 | |
| Give item / drop item | 1 | |
| Remove unit from queue | 4 | |
| Right click | 523 | |
| Select / deselect | 389 | |
| Select group hotkey | 15 | |
| Use ability | 73 | |
1235 total
» units
| Wisp | 24 | |
| Archer | 7 | |
| Faerie Dragon | -1 | |
| Chimaera | 2 | |
| Hippogryph | 8 | |
40 total
» upgrades
| Reinforced Hides | 2 | |
| Corrosive Breath | 1 | |
| Strength of the Wild | 1 | |
| Hippogryph Taming | 1 | |
| Well Spring | 1 | |
6 total
» buildings
| Altar of Elders | 1 | |
| Moon Well | 5 | |
| Ancient of War | 1 | |
| Tree of Ages | 1 | |
| Tree of Life | 5 | |
| Hunter's Hall | 1 | |
| Ancient of Wonders | 1 | |
| Tree of Eternity | 1 | |
| Ancient of Wind | 3 | |
| Chimaera Roost | 3 | |
22 total
» build order
00:18 Altar of Elders
00:34 Moon Well
01:16 Ancient of War
01:29 Moon Well
03:21 Tree of Ages
04:04 Tree of Life
04:17 Moon Well
04:21 Hunter's Hall
05:49 Tree of Life
06:02 Ancient of Wonders
06:09 Tree of Eternity
06:27 Ancient of Wind
08:32 Chimaera Roost
08:36 Chimaera Roost
08:39 Chimaera Roost
09:44 Tree of Life
11:15 Ancient of Wind
11:20 Moon Well
11:26 Moon Well
13:51 Ancient of Wind
15:43 Tree of Life
15:47 Tree of Life
» items
| Periapt of Vitality | 1 | |
| Potion of Healing | 2 | |
| Scroll of Town Portal | 2 | |
| Potion of Lesser Invulnerability | 1 | |
| Orb of Venom | 1 | |
7 total

»
Kampf_Sau2 (
green | 57 APM | 1018 actions | 17:47)
3 Blademaster
2 Wind Walk
1 Critical Strike
» actions
| Assign group hotkey | 4 | |
| Basic commands | 3 | |
| Build / train | 40 | |
| Enter build submenu | 28 | |
| Enter hero's abilities submenu | 5 | |
| Remove unit from queue | 2 | |
| Right click | 522 | |
| Select / deselect | 325 | |
| Use ability | 89 | |
1018 total
» units
| Peon | 13 | |
| Wind Rider | 1 | |
| Troll Batrider | 11 | |
25 total
» buildings
| Altar of Storms | 1 | |
| Orc Burrow | 12 | |
| Voodoo Lounge | 1 | |
| War Mill | 1 | |
| Stronghold | 1 | |
| Watch Tower | 7 | |
| Beastiary | 2 | |
| Great Hall | 1 | |
26 total
» build order
00:03 Altar of Storms
00:16 Orc Burrow
00:56 Voodoo Lounge
01:24 War Mill
01:56 Orc Burrow
02:46 Stronghold
03:11 Watch Tower
03:14 Orc Burrow
05:41 Watch Tower
05:55 Beastiary
05:57 Beastiary
08:26 Orc Burrow
08:40 Orc Burrow
08:42 Watch Tower
08:48 Orc Burrow
10:03 Watch Tower
10:05 Watch Tower
10:07 Watch Tower
10:10 Watch Tower
10:23 Orc Burrow
10:50 Orc Burrow
11:15 Orc Burrow
11:16 Orc Burrow
11:23 Orc Burrow
12:12 Orc Burrow
13:27 Great Hall
» items
| Healing Salve | 3 | |
| Lesser Clarity Potion | 2 | |
| Scroll of Speed | 1 | |
| Potion of Healing | 2 | |
| Potion of Mana | 2 | |
10 total
huansoehneubral (
purple | 81 APM | 1431 actions | 17:41)
5 Paladin
1 Holy Light
3 Devotion Aura
1 Divine Shield
2 Mountain King
1 Storm Bolt
1 Bash
1 Archmage
1 Summon Water Elemental
» actions
| Assign group hotkey | 54 | |
| Basic commands | 115 | |
| Build / train | 72 | |
| Enter build submenu | 31 | |
| Enter hero's abilities submenu | 8 | |
| Give item / drop item | 1 | |
| Remove unit from queue | 3 | |
| Right click | 518 | |
| Select / deselect | 298 | |
| Select group hotkey | 262 | |
| Use ability | 69 | |
1431 total
» units
| Peasant | 17 | |
| Rifleman | 17 | |
| Siege Engine | 3 | |
| Spell Breaker | 2 | |
| Knight | 1 | |
40 total
» upgrades
| Gunpowder | 2 | |
| Long Rifles | 1 | |
| Control Magic | 1 | |
| Barrage | 1 | |
| Animal War Training | 1 | |
6 total
» buildings
| Altar of Kings | 2 | |
| Farm | 11 | |
| Blacksmith | 1 | |
| Barracks | 2 | |
| Scout Tower | 5 | |
| Arcane Tower | 1 | |
| Town Hall | 1 | |
| Keep | 1 | |
| Arcane Vault | 1 | |
| Castle | 1 | |
| Workshop | 1 | |
| Arcane Sanctum | 1 | |
| Lumber Mill | 1 | |
| Guard Tower | 1 | |
30 total
» build order
00:39 Altar of Kings
00:51 Farm
01:05 Blacksmith
01:16 Barracks
01:29 Farm
01:53 Scout Tower
02:15 Farm
03:00 Arcane Tower
03:36 Farm
04:46 Town Hall
05:02 Farm
05:47 Farm
06:05 Keep
06:10 Farm
06:13 Farm
06:30 Arcane Vault
07:36 Farm
08:27 Castle
08:45 Workshop
10:48 Barracks
10:49 Arcane Sanctum
13:28 Farm
13:29 Farm
13:54 Scout Tower
13:55 Scout Tower
13:56 Scout Tower
14:35 Lumber Mill
15:00 Guard Tower
15:02 Scout Tower
16:28 Altar of Kings
» items
| Scroll of Regeneration | 2 | |
| Lesser Clarity Potion | 2 | |
| Scroll of Town Portal | 2 | |
| Orb of Fire | 1 | |
| Potion of Healing | 1 | |
8 total
Chat log
(00:16 / Allies) dignitates: me bats
(01:25 / Allies) MegaMetzelWoife: tec
(01:26 / Allies) MegaMetzelWoife: h
(05:40 / Allies) Unskilled-Moron: blue come
(05:41 / Allies) Unskilled-Moron: plz
(05:45 / Allies) dignitates: iomw
(06:37 / Allies) Unskilled-Moron: go counter him
(07:41 / Allies) Unskilled-Moron: inc
(07:42 / Allies) Unskilled-Moron: care
(08:18 / All) Its.Old: haah basytard noob ne
(08:23 / Allies) MegaMetzelWoife: go
(08:24 / Allies) MegaMetzelWoife: omg
(08:40 / All) Its.Old: nice hack
(08:42 / All) Its.Old: noob
(08:51 / Allies) Unskilled-Moron: they gonna attack
(08:53 / Allies) Unskilled-Moron: come blkue when u can
(08:54 / All) MegaMetzelWoife: who?
(09:01 / Allies) dignitates: wood pls
(09:13 / Allies) dignitates: ty
(09:23 / All) Its.Old: gg total noobs ally
(09:31 / All) MegaMetzelWoife: y
(09:34 / All) MegaMetzelWoife: gereen
(09:35 / All) Its.Old: no exe no units only tech
(09:56 / Allies) Unskilled-Moron: wood?
(10:03 / Allies) dignitates: D
(10:04 / Allies) dignitates: h
(10:13 / All) Its.Old: ahaha
(10:24 / All) Its.Old: orange u hacker
(10:26 / All) Its.Old: ahahaha
(10:31 / All) Unskilled-Moron: jaja u noob mh
(11:52 / All) Its.Old: LOLLLLLLLLLLL
(12:34 / Allies) Unskilled-Moron: im h'ere too blue
(14:33 / Allies) dignitates: orange
(14:33 / Allies) dignitates: vs their tank
(14:34 / Allies) Unskilled-Moron: i have some
(14:40 / All) Its.Old: hacker orc
(14:41 / All) Its.Old: u see?
(15:55 / Allies) dignitates: tp all ?
(15:57 / Allies) dignitates: go
(15:58 / Allies) dignitates: tp
(15:58 / Allies) dignitates: red
(15:59 / Allies) dignitates: orange
(16:11 / Allies) MegaMetzelWoife: gogo
(17:16 / All) MegaMetzelWoife: gg
(17:49 / All) Its.Old: lol team
(17:54 / All) dignitates: yellow
(17:55 / All) FUR10US[KISC]: u was too
(17:56 / All) Its.Old: 0 skill no help all game
(17:59 / All) dignitates: i played at with u
(18:01 / All) dignitates: i dont hack :P
(18:03 / All) Unskilled-Moron: newb yellow
(18:12 / All) Its.Old: noob yellow?
(18:18 / All) Unskilled-Moron: Y
(18:19 / All) Unskilled-Moron: and u mh
(18:21 / All) Its.Old: tui uveren noob huev
(18:28 / All) Unskilled-Moron: yeai your mom too
(18:30 / All) Its.Old: u kid and go play tetris
(18:32 / All) Its.Old: u skill suxx
(18:36 / All) MegaMetzelWoife: yy
(18:37 / All) Unskilled-Moron: pwned u ?
(18:40 / All) MegaMetzelWoife: noob
(18:44 / All) Its.Old: stfu kids
(18:48 / All) Its.Old: go 1vs1 kid
(18:52 / All) Its.Old: and i kill you easy
(18:54 / All) MegaMetzelWoife: ofc
(18:56 / All) Unskilled-Moron: Stfu kid
(18:59 / All) Unskilled-Moron: leave kid
(19:02 / All) Its.Old: 24 yers me
(19:03 / All) Unskilled-Moron: go buy skill kid
(19:06 / All) Its.Old: kid only u
(19:06 / All) Unskilled-Moron: kk kid
(19:07 / All) Its.Old: k?
(19:11 / All) Its.Old: now stfu basatrd player
(19:13 / All) Unskilled-Moron: gogo get a job
(19:14 / All) Unskilled-Moron: newb
(19:27 / All) Its.Old: ya boleu pidor